AoeStats
← El Fantasma de Pancho Villa

Black Forest

506507666Analyzed
4v4 RM · 19d ago on Sep 13, 2026· 39m 40s· 8 players
Game mode
Random Map
Map size
Large (8 player)
Population
200
Speed
Normal
Resources
Standard
Victory
Conquest
Starting age
Dark Age
Ending age
Imperial Age
RankedLock teamsTeams togetherTeam positionsShared explorationLock speedFull tech treeHidden civsTurbo modeCheats
Victory
Defeat
🇩🇰 Huns · Denmark
1177
+13
🇩🇪 Khmer · Germany
1098
+16
🇫🇷 Cumans · France
1049
+18
🇵🇱 Goths · Poland
1018
+19
🇲🇽 Saracens · Mexico
1180
-21
1090
-16
🇺🇸 Turks · United States
1062
-15
🇷🇴 Muisca · Romania
1035
-14
Donald Trump
0:57 Loom
13:57 Feudal Age
14:53 Double-Bit Axe
16:41 Forging
16:33 Scale Mail Armor
16:47 Horse Collar
18:10 Man-at-Arms
26:54 Castle Age
35:02 Imperial Age
32:44 Scale Barding Armor
35:47 Elite Skirmisher
36:46 Bloodlines
36:44 Fletching
Mahihan
3:23 Loom
11:20 Feudal Age
16:08 Castle Age
14:20 Double-Bit Axe
14:19 Horse Collar
18:17 Bow Saw
19:33 Heavy Plow
20:21 Heavy Plow
24:40 Wheelbarrow
23:50 Town Watch
25:54 Bloodlines
25:44 Husbandry
26:38 Scale Barding Armor
30:34 Imperial Age
30:05 Chain Barding Armor
31:13 Ballistics
31:19 Tusk Swords
31:09 Heavy Scorpion
32:28 Plate Barding Armor
33:03 Chemistry
32:16 Masonry
32:31 Double Crossbow
33:24 Conscription
34:00 Siege Engineers
34:15 Forging
35:25 Crop Rotation
35:50 Iron Casting
35:15 Elite Battle Elephant
xMattAdore
0:33 Loom
13:05 Feudal Age
17:54 Castle Age
15:50 Horse Collar
15:58 Double-Bit Axe
18:13 Man-at-Arms
19:42 Forging
19:35 Scale Mail Armor
21:20 Fletching
23:20 Elite Skirmisher
28:42 Anarchy
34:33 Imperial Age
34:41 Imperial Age
32:58 Long Swordsman
32:59 Pikeman
33:41 Squires
35:41 Bow Saw
35:33 Heavy Plow
36:10 Iron Casting
35:51 Chain Mail Armor
35:33 Bodkin Arrow
35:10 Elite Huskarl
36:12 Conscription
36:30 Padded Archer Armor
36:36 Two-Handed Swordsman
38:40 Blast Furnace
38:00 Halberdier
Mr.Razorski
6:23 Loom
10:53 Feudal Age
12:52 Double-Bit Axe
13:03 Double-Bit Axe
15:40 Castle Age
13:57 Horse Collar
17:36 Wheelbarrow
22:29 Heavy Plow
24:59 Hand Cart
26:51 Gold Mining
31:26 Imperial Age
29:24 Scale Barding Armor
29:30 Forging
30:43 Chain Barding Armor
30:34 Forging
31:01 Ballistics
30:34 Fletching
31:01 Bloodlines
30:51 Husbandry
30:53 Marauders
32:47 Plate Barding Armor
32:14 Padded Archer Armor
32:42 Parthian Tactics
32:30 Thumb Ring
32:53 Conscription
32:56 Town Watch
33:49 Gold Shaft Mining
33:07 Stone Mining
32:49 Elite Tarkan
35:02 Iron Casting
34:22 Bodkin Arrow
35:34 Chemistry
35:21 Bodkin Arrow
35:42 Leather Archer Armor
37:35 Blast Furnace
36:36 Bracer
37:20 Bracer
38:19 Heavy Cavalry Archer
Boywars
0:27 Loom
12:45 Feudal Age
18:53 Castle Age
17:30 Double-Bit Axe
20:10 Light Cavalry
27:45 Bow Saw
29:56 Horse Collar
35:48 Imperial Age
37:39 Chemistry
37:31 Wheelbarrow
37:43 Conscription
El Fantasma de Pancho Villa
6:11 Loom
9:12 Feudal Age
10:10 Double-Bit Axe
14:28 Fletching
14:39 Padded Archer Armor
21:42 Wheelbarrow
28:23 Castle Age
26:16 Horse Collar
26:35 Gold Mining
30:20 Leather Archer Armor
30:02 Bodkin Arrow
33:06 Imperial Age
31:28 Bow Saw
30:47 Crossbowman
32:20 Thumb Ring
34:20 Ring Archer Armor
34:20 Bracer
36:11 Ballistics
Suteu
3:31 Loom
13:52 Feudal Age
14:38 Double-Bit Axe
14:37 Horse Collar
15:58 Wheelbarrow
20:24 Castle Age
18:36 Scale Mail Armor
18:44 Gold Mining
18:44 Stone Mining
20:45 Gold Mining
21:59 Bow Saw
23:54 Heavy Plow
25:44 Forging
25:49 Chain Mail Armor
25:26 Fletching
25:36 Padded Archer Armor
26:25 Town Watch
26:57 Hand Cart
26:59 Squires
26:27 Champi Runner
28:04 Champi Warrior
29:22 Iron Casting
32:28 Town Patrol
33:13 Gold Shaft Mining
39:10 Imperial Age
36:55 Masonry
37:48 Herbalism
—»¬ ° • G ¡ ø 49k .
1:16 Loom
11:26 Feudal Age
16:31 Castle Age
16:03 Double-Bit Axe
16:00 Horse Collar
17:43 Heavy Plow
18:25 Bow Saw
20:14 Gold Mining
20:16 Stone Mining
26:36 Gold Shaft Mining
29:35 Wheelbarrow
32:30 Imperial Age
30:56 Husbandry
31:07 Forging
31:03 Scale Barding Armor
31:27 Fletching
31:37 Padded Archer Armor
32:31 Iron Casting
31:31 Light Cavalry
31:36 Elite Skirmisher
32:09 Fletching
32:19 Padded Archer Armor
32:20 Treadmill Crane
32:45 Elite Cataphract
33:36 Logistica
33:52 Logistica
34:46 Chemistry
34:07 Ballistics
35:14 Hand Cart
36:29 Heavy Camel Rider
37:45 Chain Barding Armor
37:11 Hussar
39:03 Plate Barding Armor
Connection lost

Rejoining the realm…

Still unreachable

The connection could not be restored.

Session expired

The server has moved on; the page needs a fresh start.